 Dungeon Crawl Stone Soup version 0.23-a0-356-g1757c6e (webtiles) character file.

123 Garbasso the Cudgeler (level 5, 0/32 HPs)
             Began as a Gargoyle Gladiator on Oct 21, 2018.
             Killed by divine providence
             ... invoked by an orc priest
              (10 damage)
             ... on level 3 of the Dungeon.
             The game lasted 00:05:53 (2238 turns).

Garbasso the Cudgeler (Gargoyle Gladiator)          Turns: 2238, Time: 00:05:53

Health: 0/32       AC: 17    Str: 18    XL:     5   Next: 7%
Magic:  5/5        EV:  6    Int:  9    God:
Gold:   174        SH:  0    Dex: 11    Spells: 4/4 levels left

rFire    . . .     SeeInvis .   a - +5 flail
rCold    . . .     Gourm    .   (no shield)
rNeg     + . .     Faith    .   e - +0 plate armour
rPois    ∞         Spirit   .   c - +0 helmet
rElec    +         Reflect  .   (no cloak)
rCorr    .         Harm     .   (no gloves)
MR       .....                  h - +0 pair of boots
Stlth    ..........             (no amulet)
HPRegen  0.10/turn              (no ring)
MPRegen  0.09/turn              (no ring)

@: no status effects
A: negative energy resistance 1, electricity resistance, unbreathing,
petrification resistance, rot immunity, AC +4
a: no special abilities


You were on level 3 of the Dungeon.
You were not hungry.

You visited 1 branch of the dungeon, and saw 3 of its levels.

You collected 174 gold pieces.

Inventory:

Hand Weapons
 a - a +5 flail (weapon)
 b - a +0 blowgun
Missiles
 d - 3 throwing nets
 n - 99 stones
 q - 15 poisoned needles
 v - 2 tomahawks (quivered)
Armour
 c - a +0 helmet (worn)
 e - a +0 plate armour (worn)
 h - a +0 pair of boots (worn)
Scrolls
 g - 2 scrolls of identify {unknown}
 j - a scroll of blinking {unknown}
 l - a scroll of fog {unknown}
 m - 3 scrolls of remove curse {unknown}
 o - a scroll of magic mapping {unknown}
 p - a scroll of teleportation {unknown}
 r - a scroll of noise {unknown}
Potions
 f - a potion of heal wounds {unknown}
 i - 2 potions of cancellation {unknown}
 k - a potion of agility {unknown}
 t - a potion of curing {unknown}
 u - a potion of haste {unknown}
Comestibles
 s - a chunk of flesh


   Skills:
 + Level 3.3 Fighting
 * Level 4.5 Maces & Flails
 - Level 1.7 Throwing
 + Level 2.1 Armour
 - Level 2.4 Dodging


You had 4 spell levels left.
You didn't know any spells.
Your spell library contained the following spells:

 Spells                   Type           Power        Failure   Level  Hunger
 Confusing Touch          Hex            #.....       100%        1    ##.....
 Confuse                  Hex            #.......     100%        3    ####...
 Gell's Gravitas          Tloc           #.........   100%        3    ####...
 Petrify                  Tmut/Erth      #.......     100%        4    #####..
 Metabolic Englaciation   Hex/Ice        #.........   100%        5    ######.
 Yara's Violent Unravell  Hex/Tmut       #.........   100%        5    ######.


Dungeon Overview and Level Annotations

Branches:
Dungeon (3/15)

Altars:


Innate Abilities, Weirdness & Mutations

You are resistant to torment.
Your stone body is resilient. (AC +4)
You are immune to poison.
You resist negative energy. (rN+)
You are resistant to electric shocks. (rElec)
You can survive without breathing.
You are immune to petrification.
You are immune to rotting.


Message History

The orc priest hits you but does no damage.
The orc hits you but does no damage.
You hit the orc priest.
The orc priest is heavily wounded.
The orc priest closely misses you. The orc hits you but does no damage.
Your plate armour prevents you from hitting the orc priest.
The orc priest is heavily wounded.
The orc priest looks braver for a moment.
The orc hits you with a +3 mace.
The orc priest invokes the aid of Beogh against you.
Pain shoots through your body!
* * * LOW HITPOINT WARNING * * *
You hit the orc priest but do no damage.
The orc priest is heavily wounded.
The orc closely misses you. The orc priest barely misses you.
You sock the orc priest!
The orc priest is almost dead.
The orc priest invokes the aid of Beogh against you.
Beogh smites you!
You die...

#.....#####
#.......##
#.#.###..# #
#.#..###(## #
##.##.# #..# # #
#..##.# ##.#####
.. ###.###.#
#...... #.##o[.#
#.# ###....
###...@#####.#
##...
#.....o%..##.#
#...
...#####.?......
#### ##
#..(....(
#........
#........
#........
#.....%(.
#$.......


You could see an orc priest and an orc.

Vanquished Creatures
  4 gnolls (D:2)
  2 adders
  2 oozes
  3 dart slugs (D:1)
  3 leopard geckos
  3 orcs (D:3)
  A giant cockroach (D:2)
  3 goblins
  6 hobgoblins
  8 jackals
  5 kobolds
  A bat (D:1)
  8 rats
49 creatures vanquished.

Notes
Turn   | Place    | Note
-------+----------+-------------------------------------------
     0 | D:1      | Garbasso the Gargoyle Gladiator began the quest for the
                  | Orb.
     0 | D:1      | Reached XP level 1. HP: 12/12 MP: 1/1
     6 | D:1      | Noticed a wyvern
     6 | D:1      | Noticed a komodo dragon
     7 | D:1      | Noticed an anaconda
   183 | D:1      | Reached XP level 2. HP: 18/18 MP: 2/2
   414 | D:1      | Reached skill level 1 in Armour
   642 | D:1      | Reached XP level 3. HP: 21/22 MP: 3/3
  1448 | D:2      | Reached skill level 4 in Maces & Flails
  1448 | D:2      | Reached XP level 4. HP: 28/28 MP: 4/4
  2117 | D:3      | Reached XP level 5. HP: 32/32 MP: 5/5
  2238 | D:3      | Killed from afar by an orc priest

Vault maps used:
D:1:      onia_arrival_zoo_common
D:2:      minmay_tripent
D:3:      first_ration

Skill      XL: |  1  2  3  4 |
---------------+-------------+-----
Armour         | 1 2 |  2.1
Fighting       | 3 |  3.3
Maces & Flails | 4 |  4.5
Throwing       | |  1.7
Dodging        | |  2.4

Action                   |  1- 3 |  4- 6 || total
-------------------------+-------+-------++-------
Melee: Flail             |   113 |    57 ||   170
 Fire: Blowgun           |       |     6 ||     6
Throw: Stone             |       |     2 ||     2
  Eat: Chunk             |     2 |       ||     2
       Ration            |       |     1 ||     1
Armor: Plate armour      |   101 |    48 ||   149
Dodge: Dodged            |    36 |    17 ||    53

Table legend:
 A = Non-vault XP
 B = Vault XP
 C = Vault XP percentage of total XP
 D = Non-vault monster count
 E = Vault monster count
 F = Vault count percentage of total count
                 A         B        C        D         E       F
            +---------+---------+-------+---------+---------+-------
      Total |     174 |       3 |   1.7 |      47 |       2 |   4.1
            +---------+---------+-------+---------+---------+-------
        D:1 |      43 |       1 |   2.3 |      19 |       1 |   5.0
        D:2 |      99 |       2 |   2.0 |      18 |       1 |   5.3
        D:3 |      32 |       0 |   0.0 |      10 |       0 |   0.0
            +---------+---------+-------+---------+---------+-------
